 Dungeon Crawl Stone Soup version 0.23-a0-714-g00c90a0c22 (webtiles) character file.

47 Morbidden the Chopper (level 3, 0/30 HPs)
             Began as a Formicid Monk on Jan 16, 2019.
             Succumbed to an adder's poison
             ... on level 2 of the Dungeon.
             The game lasted 00:01:57 (1109 turns).

Morbidden the Chopper (Formicid Monk)               Turns: 1109, Time: 00:01:58

Health: 0/30       AC:  2    Str: 16    XL:     3   Next: 97%
Magic:  3/3        EV: 13    Int:  9    God:
Gold:   23         SH:  0    Dex: 13    Spells: 2/2 levels left

rFire    . . .     SeeInvis +   a - +0 hand axe
rCold    . . .     Gourm    .   (no shield)
rNeg     . . .     Faith    .   b - +0 robe
rPois    +         Spirit   .   (helmet unavailable)
rElec    .         Reflect  .   (no cloak)
rCorr    .         Harm     .   (no gloves)
MR       .....                  (no boots)
Stlth    ++........             (no amulet)
HPRegen  0.10/turn              h - ring of poison resistance
MPRegen  0.08/turn              i - ring of wizardry

@: lethally poisoned (0 -> -3)
A: permanent stasis, dig shafts and tunnels, four strong arms, antennae 3
a: Dig, Shaft Self


You were on level 2 of the Dungeon.
You were hungry.

You visited 1 branch of the dungeon, and saw 2 of its levels.

You collected 23 gold pieces.

Inventory:

Hand Weapons
 a - a +0 hand axe (weapon)
Armour
 b - a +0 robe (worn)
Jewellery
 h - a ring of poison resistance (left hand)
 i - a ring of wizardry (right hand)
Scrolls
 d - a scroll of enchant armour {unknown}
 e - 2 scrolls of remove curse {unknown}
 f - a scroll of noise {unknown}
 g - a scroll of magic mapping {unknown}
Comestibles
 c - a ration


   Skills:
 + Level 3.7 Fighting
 * Level 3.8 Axes
 + Level 3.1 Dodging
 + Level 2.5 Stealth


You had 2 spell levels left.
You didn't know any spells.
Your spell library was empty.

Dungeon Overview and Level Annotations

Branches:
Dungeon (2/15)

Altars:


Innate Abilities, Weirdness & Mutations

You cannot be hasted, slowed, berserked, paralysed or teleported.
You can dig through walls and to a lower floor.
Your four strong arms can wield two-handed weapons with a shield.
You have a pair of large antennae on your head. (SInv)


Message History

The adder is almost dead.
The adder closely misses you.
Unknown command.
You aren't carrying any potions.
Unknown command.
Unknown command.
You hit the adder but do no damage.
The adder is almost dead.
The adder bites you.
* * * LOW HITPOINT WARNING * * *
You are lethally poisoned!
The adder poisons you! The adder misses you.
Unknown command.
You aren't carrying any potions.
Unknown command.
You aren't carrying any potions.
Unknown command.
You closely miss the adder.
The adder is almost dead.
You die...

## .## #.. .. .#...
#.# <..# #..#### #..
#..# #.>..† #..###.).
###### #...#..#
.##.#.#.# ### ###
....#@..# ..## #...
#.# #.S..###
..###..## ..
#.#....## #.##.. #
#.####..###..#.#
..#.#####..†.#.#.####
.........###......<.#
#.######............#
#####........#
#..#####†.


You could see an adder.

Vanquished Creatures
  A worm (D:2)
  A dart slug (D:1)
  3 leopard geckos
  7 bats
  3 giant cockroaches
  4 goblins (D:1)
  4 hobgoblins (D:1)
  8 jackals (D:1)
  A ball python (D:1)
  A frilled lizard (D:1)
  A kobold (D:1)
  2 rats
36 creatures vanquished.

Notes
Turn   | Place    | Note
-------+----------+-------------------------------------------
     0 | D:1      | Morbidden the Formicid Monk began the quest for the Orb.
     0 | D:1      | Reached XP level 1. HP: 18/18 MP: 1/1
   290 | D:1      | Reached XP level 2. HP: 19/24 MP: 2/2
   507 | D:1      | Reached XP level 3. HP: 20/29 MP: 3/3
  1108 | D:2      | HP: 1/30 [adder (3)]
  1109 | D:2      | Succumbed to an adder's poison

Vault maps used:
D:1:      roderic_chinese_lattice_arrival, minmay_misc_feat_x
D:2:      first_ration

Skill      XL: |  1  2 |
---------------+-------+-----
Dodging        | 3 |  3.1
Fighting       | |  3.7
Axes           | |  3.8
Stealth        | |  2.5

Action                   || total
-------------------------++-------
Melee: Hand axe          ||   113
  Use: Potion            ||     2
 Stab: Sleeping          ||     5
Armor: Robe              ||    34
Dodge: Dodged            ||   125

Table legend:
 A = Non-vault XP
 B = Vault XP
 C = Vault XP percentage of total XP
 D = Non-vault monster count
 E = Vault monster count
 F = Vault count percentage of total count
                 A         B        C        D         E       F
            +---------+---------+-------+---------+---------+-------
      Total |      68 |       0 |   0.0 |      36 |       0 |   0.0
            +---------+---------+-------+---------+---------+-------
        D:1 |      55 |       0 |   0.0 |      30 |       0 |   0.0
        D:2 |      13 |       0 |   0.0 |       6 |       0 |   0.0
            +---------+---------+-------+---------+---------+-------
